 Dungeon Crawl Stone Soup version 0.28-a0-1638-g9123634e07 (webtiles) character file.

Game seed: 12539488104854499189

4242 lessens the Basher (level 10, -7/96 HPs)
             Began as an Ogre Brigand on Jan 25, 2022.
             Was a Priest of Okawaru.
             Hit by a stone thrown by a tengu warrior (16 damage)
             ... on level 8 of the Dungeon.
             The game lasted 00:18:07 (12803 turns).

lessens the Basher (Ogre Brigand)                  Turns: 12803, Time: 00:18:08

Health: -7/96      AC:  5    Str: 21    XL:     10   Next: 30%
Magic:  12/12      EV:  9    Int: 12    God:    Okawaru [***...]
Gold:   194        SH:  0    Dex: 10    Spells: 9/9 levels left

rFire   . . .      SeeInvis .   b - +0 giant club
rCold   . . .      Faith    .   (shield currently unavailable)
rNeg    . . .      Spirit   .   y - +0 robe
rPois   .          Reflect  .   H - +1 hat
rElec   .          Harm     .   c - +0 cloak
rCorr   .          Rampage  .   (gloves unavailable)
Will    +....                   (boots unavailable)
Stlth   ++........              (no amulet)
HPRegen 0.26/turn               (no ring)
MPRegen 0.13/turn               (no ring)

@: no status effects
A: large, unfitting armour, tough skin 1
a: Renounce Religion, Heroism


You were on level 8 of the Dungeon.
You worshipped Okawaru.
Okawaru was most pleased with you.
You visited 2 branches of the dungeon, and saw 9 of its levels.

You collected 388 gold pieces.
You spent 194 gold pieces at shops.

Inventory:

Hand Weapons
 a - a +1 dagger of venom
 b - a +0 giant club (weapon)
 k - a +0 club
 s - a +2 dagger
 v - a +0 flail of draining
 B - a +2 antimagic flail
 J - a +2 flail of protection
 K - a +0 giant spiked club
 M - a +1 scimitar of flaming
Missiles
 d - 25 poisoned darts (quivered)
 f - 265 stones
 i - 3 boomerangs
 z - 4 javelins
 A - a throwing net
Armour
 c - a +0 cloak (worn)
 y - a +0 robe (worn)
 H - a +1 hat (worn)
Jewellery
 I - a ring of protection from cold
 L - a ring of positive energy
Wands
 o - a wand of acid (5)
 D - a wand of digging (5)
 E - a wand of flame (15)
 N - a wand of mindburst (16)
Scrolls
 h - 3 scrolls of identify
 n - 2 scrolls of magic mapping
 p - 2 scrolls of vulnerability
 q - 2 scrolls of fog
 r - a scroll of fear
 t - 2 scrolls of enchant weapon
 u - 3 scrolls of blinking
 w - 5 scrolls of teleportation
 F - a scroll of holy word {unknown}
 G - a scroll of summoning {unknown}
Potions
 g - a potion of flight
 j - a potion of attraction
 l - a potion of haste
 m - 2 potions of resistance
 x - 2 potions of heal wounds
 C - a potion of brilliance


   Skills:
 - Level 5.0 Fighting
 - Level 1.7 Short Blades
 * Level 12.7 Maces & Flails
 - Level 2.0 Throwing
 - Level 0.8 Dodging
 - Level 2.9 Stealth
 + Level 2.9 Invocations


You had 9 spell levels left.
You didn't know any spells.
Your spell library contained the following spells:

 Spells                   Type           Power      Damage    Failure   Level
 Apportation              Tloc           0%         N/A       32%         1
 Slow                     Hex            0%         N/A       32%         1
 Confusing Touch          Hex            0%         N/A       69%         3
 Stone Arrow              Conj/Erth      0%         3d7       69%         3
 Vampiric Draining        Necr           0%         2d6       69%         3
 Alistair's Intoxication  Tmut/Pois      0%         N/A       100%        5
 Fireball                 Conj/Fire      0%         3d3       100%        5
 Starburst                Conj/Fire      0%         6d3       100%        6
 Ignition                 Fire           0%         3d3       100%        8
 Lehudib's Crystal Spear  Conj/Erth      0%         10d2      100%        8
 Animate Armour           Summ/Erth      Unusable   N/A       N/A         4

Dungeon Overview and Level Annotations

Branches:
Dungeon (8/15)             Temple (1/1) D:5
   Lair: D:8-11

Altars:
Cheibriados
Dithmenos
Gozag
Kikubaaqudgha
Nemelex Xobeh
Okawaru
Qazlal
Wu Jian
Yredelemnul
The Shining One

Shops:
D:6 ?([(!   D:8 ?

Annotations:
D:4 3 runed translucent doors, awesomeguy42's ghost, amateur TrWr


Innate Abilities, Weirdness & Mutations

You are too large for most types of armour.
You have tough skin. (AC +1)


Message History

You hear a shout!
The manticore bites you. The manticore claws you! x2
You sock the manticore!
You kill the manticore!
Okawaru accepts your kill.
You start resting.
You feel like a meek peon again.
You start resting.
A tengu warrior comes into view. It is wielding a +3 war axe.
Throw: dart (curare)
Press: ? - help, Q - select action, (/) - cycle Shift-Dir - straight line, f - tengu warrior
Aim: a tengu warrior, wielding a +3 war axe, wearing a +0 leather armour, wearing a +0 buckler and quivering stones (32% to hit)
You throw a curare-tipped dart.
The curare-tipped dart closely misses the tengu warrior.
You barely miss the tengu warrior.
The tengu warrior hits you with a +3 war axe!
The tengu warrior pecks you.
The tengu warrior claws you but does no damage.
The tengu warrior hits you with a +3 war axe!
* * * LOW HITPOINT WARNING * * *
The tengu warrior pecks you.
* * * LOW HITPOINT WARNING * * *
The tengu warrior closely misses you.
Blink to where?
Press: ? - help, Dir - move target, p - tengu warrior
As you read the scroll of blinking, it crumbles to dust.
You open the door.
An orc wizard comes into view. It is wielding a +0 dagger.
The tengu warrior throws a stone.
The stone hits you!!
* * * LOW HITPOINT WARNING * * *
There is an open door here.
You feel much better.
There is an open door here.
The tengu warrior throws a stone.
The stone hits you!
* * * LOW HITPOINT WARNING * * *
The tengu warrior throws a stone.
The stone hits you.
* * * LOW HITPOINT WARNING * * *
There is a stone staircase leading up here.
The tengu warrior throws a stone.
The stone hits you!
You die...

######### # #......(#
# #.#####.# #
#.#####.#############
#.##.............[†>.
#.##.##.###......####
#.##.##.# #......## #
#...@...# ###.....# #
####.#### ##...##
#..# ##.## ##.# #.#
#.# #.# #.# ##+## #Q#
##...## #.# ##.....##
##.## ##......>##


You could see a tengu warrior.

Vanquished Creatures
  A two-headed ogre (D:8)
  A manticore (D:8)
  Psyche (D:8)
  An efreet (D:8)
  A slime creature (D:8)
  A steam dragon (D:8)
  Menkaure (D:6)
  A water moccasin (D:6)
  A black bear (D:4)
  2 orc warriors (D:8)
  A necrophage (D:6)
  2 ice beasts
  A centaur (D:8)
  2 kobold brigands
  4 scorpions
  2 bullfrogs (D:8)
  A water moccasin zombie (D:5)
  A water moccasin skeleton (D:5)
  2 howler monkeys
  3 centaur zombies
  An orc priest (D:4)
  2 centaur skeletons
  3 hounds
  4 jellies
  A gnoll shaman (D:6)
  3 bullfrog skeletons
  6 orc wizards
  A killer bee zombie (D:8)
  11 gnolls
  6 adders
  2 shadow imps
  3 white imps
  2 worms
  3 dart slugs
  13 orcs
  10 bats
  11 endoplasms
  8 giant cockroaches
  13 goblins
  5 hobgoblins
  13 jackals
  24 kobolds
  5 quokkas
  6 ball pythons
  A frilled lizard (D:1)
  6 rats
193 creatures vanquished.

Vanquished Creatures (others)
  An electric eel (D:8)
  A fungus (D:2)
  8 plants (D:8)
  5 toadstools (D:2)
15 creatures vanquished.

Grand Total: 208 creatures vanquished

Notes
Turn   | Place    | Note
-------+----------+-------------------------------------------
     0 | D:1      | lessens the Ogre Brigand began the quest for the Orb.
     0 | D:1      | Reached XP level 1. HP: 22/22 MP: 1/1
   282 | D:1      | Reached XP level 2. HP: 29/31 MP: 2/2
   689 | D:1      | Found a faded altar of an unknown god.
   792 | D:1      | Reached XP level 3. HP: 16/40 MP: 3/3
  1178 | D:1      | Reached skill level 5 in Fighting
  1655 | D:2      | Reached skill level 1 in Maces & Flails
  1675 | D:2      | Reached XP level 4. HP: 50/50 MP: 4/4
  1967 | D:2      | Reached skill level 2 in Maces & Flails
  2506 | D:2      | Reached XP level 5. HP: 35/57 MP: 5/5
  2641 | D:2      | Reached skill level 3 in Maces & Flails
  4127 | D:4      | Reached skill level 4 in Maces & Flails
  4362 | D:4      | Reached XP level 6. HP: 41/66 MP: 6/6
  4913 | D:4      | Reached skill level 5 in Maces & Flails
  5360 | D:4      | Found a runed translucent gate.
  5360 | D:4      | Found a runed translucent gate.
  5360 | D:4      | Found a runed translucent gate.
  5360 | D:4      | Noticed awesomeguy42's ghost (amateur TrWr)
  5875 | D:5      | Entered Level 5 of the Dungeon
  5875 | D:5      | Found a staircase to the Ecumenical Temple.
  5884 | Temple   | Entered the Ecumenical Temple
  5907 | Temple   | Became a worshipper of Warmaster Okawaru
  5931 | D:5      | Reached XP level 7. HP: 72/72 MP: 7/7
  5991 | D:5      | Reached skill level 6 in Maces & Flails
  6834 | D:5      | Reached skill level 7 in Maces & Flails
  7011 | D:4      | Reached XP level 8. HP: 65/80 MP: 8/8
  7015 | D:5      | Reached * piety under Okawaru
  7450 | D:6      | Found Dosicikk's Weapon Emporium.
  7453 | D:6      | Reached skill level 8 in Maces & Flails
  7628 | D:6      | Found Quruvis's Antique Weapon Emporium.
  7648 | D:6      | Noticed Menkaure
  8047 | D:6      | Killed Menkaure
  8156 | D:6      | Reached skill level 9 in Maces & Flails
  8253 | D:6      | Found Hucseupn's Distillery.
  8261 | D:6      | Bought a potion of degeneration for 14 gold pieces
  8311 | D:6      | Found Vomimp's Armour Shop.
  8759 | D:6      | Found Ril Oca's Magic Scroll Boutique.
  8793 | D:6      | Bought a scroll of fear for 38 gold pieces
  8793 | D:6      | Bought a scroll of blinking for 82 gold pieces
  8793 | D:6      | Bought a scroll of fog for 22 gold pieces
  8793 | D:6      | Bought a scroll of magic mapping for 38 gold pieces
  8952 | D:6      | Reached XP level 9. HP: 76/88 MP: 9/9
  9295 | D:7      | Reached skill level 10 in Maces & Flails
  9525 | D:7      | Reached ** piety under Okawaru
 10430 | D:8      | Noticed a two-headed ogre
 11161 | D:8      | Killed a two-headed ogre
 11162 | D:8      | Reached skill level 11 in Maces & Flails
 12216 | D:8      | Reached *** piety under Okawaru
 12217 | D:8      | Reached skill level 12 in Maces & Flails
 12220 | D:8      | Reached XP level 10. HP: 82/96 MP: 7/10
 12230 | D:8      | Reached skill level 1 in Invocations
 12232 | D:8      | Found Dyingav's Magic Scroll Boutique.
 12607 | D:8      | Noticed Psyche
 12615 | D:8      | Killed Psyche
 12760 | D:8      | Noticed a manticore
 12774 | D:8      | Killed a manticore
 12777 | D:8      | Noticed a tengu warrior
 12782 | D:8      | HP: 1/96 [tengu warrior/stone (18)]
 12803 | D:8      | Hit by a stone thrown by a tengu warrior

Illustrated notes

Levels and vault maps discovered:
D:1:      dpeg_arrival_yet_another_circle, layout_basic,
          dilly_ecumenical_altar_fadedgnrine, minmay_heptomino_h4
D:2:      cheibrodos_fertilizer, layout_basic, minmay_indecisive_spiral
D:3:      layout_basic, minmay_fractal_squares_diagonal_5
D:4:      layout_basic, gammafunk_ghost_nasty_kobolds
D:5:      layout_rooms, temple_statues, minmay_misc_feat_cross
D:6:      layout_rooms, serial_shops, nicolae_square_shop,
          nicolae_shop_statue_plus, shop, nicolae_shop_bloodbath_and_beyond,
          nicolae_shop_behind_doors, minmay_between, uniq_menkaure
D:7:      layout_loops_ring
D:8:      nzn_winding_woodlands_stair_cross [nzn_winding_woodlands_5x15_eye,
          nzn_winding_woodlands_center_triple_pond,
          nzn_winding_woodlands_5x15_lazy_stream,
          nzn_winding_woodlands_5x5_three, nzn_winding_woodlands_5x5_open_star,
          nzn_winding_woodlands_5x15_zeroes,
          nzn_winding_woodlands_center_pierced_h,
          nzn_winding_woodlands_5x15_sidewinder], layout_loops_corners,
          serial_shops, shop, chequers_jeans, uniq_psyche, uniq_maurice,
          uniq_joseph
Temple:   regret_index_temple_chain_breaker

Skill      XL: |  1  2  3  4  5  6  7  8  9 10 |
---------------+-------------------------------+-----
Fighting       | 3 4 5 |  5.0
Maces & Flails | 1 2 4 5 7 9 12 | 12.7
Invocations    | 2 |  2.9
Short Blades   | |  1.7
Throwing       | |  2.0
Dodging        | |  0.8
Stealth        | |  2.9

Action                   |  1- 3 |  4- 6 |  7- 9 | 10-12 || total
-------------------------+-------+-------+-------+-------++-------
Melee: Dagger            |   180 |   304 |   133 |       ||   617
       Punch             |     2 |     4 |     1 |       ||     7
       Flail             |       |     7 |   129 |       ||   136
       Unarmed           |       |       |    15 |       ||    15
       Giant club        |       |       |    34 |    27 ||    61
Throw: Stone             |       |     6 |     5 |       ||    11
       Dart              |       |       |    29 |     8 ||    37
Invok: Heroism           |       |       |     1 |     2 ||     3
Evoke: Wand              |       |       |     1 |       ||     1
  Use: Potion            |       |     2 |       |     1 ||     3
       Scroll            |       |       |     9 |     2 ||    11
 Stab: Sleeping          |     6 |     6 |     2 |       ||    14
Armor: Robe              |    73 |    98 |   126 |     9 ||   306
Dodge: Dodged            |   101 |   131 |   169 |     6 ||   407

Table legend: (Time is in decaauts)
 A = Elapsed time spent in this place.
 B = Non-inter-level travel time spent in this place.
 C = Inter-level travel time spent in this place.
 D = Time resting spent in this place.
 E = Time spent auto-exploring this place.
 F = Levels seen in this place.
 G = Mean time per level.
                   A        B        C        D        E       F      G
               +--------+--------+--------+--------+--------+-----+--------+
         Total |  12729 |  12246 |    483 |   2377 |   7805 |   9 | 1414.3 |
       Dungeon |  12144 |  11676 |    468 |   1856 |   7792 |   8 | 1518.0 |
        Temple |    585 |    570 |     15 |    521 |     13 |   1 |  585.0 |
               +--------+--------+--------+--------+--------+-----+--------+

Top non-repeatable levels by time:
     D:7: 1834 daAuts
     D:4: 1671 daAuts
     D:1: 1623 daAuts
     D:6: 1568 daAuts
     D:5: 1492 daAuts
     D:8: 1371 daAuts
     D:3: 1345 daAuts
     D:2: 1238 daAuts
  Temple: 585 daAuts
